 Dungeon Crawl Stone Soup version 0.31-a0-851-g7ff8af7976 (webtiles) character file.

Game seed: 3540105990029458374

31 Kurtz the Sneak (level 3, -4/29 HPs)
             Began as a Mummy Delver on Oct 6, 2023.
             Slain by a hound (5 damage)
             ... on level 5 of the Dungeon.
             The game lasted 00:00:22 (118 turns).

Kurtz the Sneak (Mummy Delver)                       Turns: 118, Time: 00:00:22

Health: -4/29      AC:  3    Str: 17    XL:     3   Next: 7%
Magic:  3/3        EV: 11    Int:  9    God:
Gold:   0          SH:  0    Dex: 13    Spells: 2/2 levels left

rFire   x . .        a - +0 hand axe
rCold   + . .        (no shield)
rNeg    + + +        b - +0 leather armour
rPois   ∞            (no helmet)
rElec   .            (no cloak)
rCorr   .            (no gloves)
SInv    .            (no boots)
Will    .....        (no amulet)
Stlth   ++           (no ring)
HPRegen 0.24/turn    (no ring)
MPRegen 0.08/turn

%: faith
@: marked
A: cold resistance 1, negative energy resistance 3, torment resistance 2, heat
vulnerability 1, in touch with death 1, no potions, faith
a: no special abilities


You were on level 5 of the Dungeon.
You visited 1 branch of the dungeon, and saw 1 of its levels.

Inventory:

Hand Weapons
 a - a +0 hand axe (weapon)
Armour
 b - a +0 leather armour (worn)
Wands
 f - a wand of digging (3)
Scrolls
 c - a scroll of fog
 d - a scroll of revelation


   Skills:
 - Level 3.0 Fighting
 * Level 2.9 Axes
 - Level 1.5 Dodging
 - Level 4.1 Stealth


You had 2 spell levels left.
You didn't know any spells.
Your spell library was empty.

Dungeon Overview and Level Annotations

Branches:
Dungeon (5/15)
 Temple: D:4-7

Altars:

Annotations:
D:5 Eustachio


Innate Abilities, Weirdness & Mutations

You are immune to poison.
Your flesh is cold resistant. (rC+)
You are immune to negative energy. (rN+++)
You are immune to unholy pain and torment.
You are vulnerable to heat. (rF-)
You are in touch with the powers of death.
You do not drink.
You have a special connection with the divine. (Faith)


Message History

As you read the scroll of fear, it crumbles to dust.
You assume a fearsome visage.
The water moccasin looks frightened!
Found a stone staircase leading down.
Found 14 gold pieces.
An orc wizard comes into view. It is wielding a +0 dagger.
An orc comes into view. It is wielding a +0 dagger.
Found a pair of runed gloves.
Found a dagger.
Eustachio the Magnificent comes into view.
He is wielding a +0 falchion.
Found a flux talisman.
Eustachio pulls the alarm!
The alarm trap emits a blaring wail!
A sentinel's mark forms upon you.
You hear an angry hiss.
You hear a shout! x4; You hear an angry hiss.
You hear a bark!
You hear a shout!
Eustachio asks, "How can you live without manners, virtues and honour?"
An orc comes into view. It is wielding a +0 hand axe.
Eustachio casts a spell.
The bat barely misses you.
An adder comes into view.
The bat misses you.
The water moccasin attacks as it pursues you!
The water moccasin closely misses you. The bat attacks as it pursues you!
The bat closely misses you. The water moccasin bites you.
* * * LOW HITPOINT WARNING * * *
The bat barely misses you. The orc attacks as it pursues you!
The orc hits you but does no damage.
Found a red potion.
The bat hits you but does no damage. The bat closely misses you.
The bat barely misses you. The orc hits you with a +0 hand axe.
* * * LOW HITPOINT WARNING * * *
The bat hits you but does no damage.
A hound comes into view.
Eustachio mumbles some strange words.
The bat hits you but does no damage. The bat hits you.
* * * LOW HITPOINT WARNING * * *
The bat hits you but does no damage. The hound bites you.
You die...

..##.#..#.#
..##.#.##.##. ..#
..##>#.##.... ..##
..##.#.#...# #####...
#..........# #.....#
#...†.#..#.# #.....#
#.#......#.# #.....#
#........#.####b....#
......b...@r.S..@h..#
#.#.###...So###..!..#
..#.###.#.#.# #.........
.!#.##..#.#.###......#..
.....................# .
.##.#..####.......#..#
#..#S## #.##..###..#
##.##.# #.##..# ...
...##S#


You could see Eustachio, a water moccasin, a hound, an adder, an orc, a quokka
(summoned) and a bat (summoned).

Vanquished Creatures
  A hound (D:5)
1 creature vanquished.

Notes
Turn   | Place    | Note
-------+----------+-------------------------------------------
     0 | D:5      | Kurtz the Mummy Delver began the quest for the Orb.
     0 | D:5      | Reached XP level 1. HP: 18/18 MP: 1/1
     6 | D:5      | Noticed a hound
    18 | D:5      | Killed a hound
    19 | D:5      | Reached XP level 2. HP: 14/24 MP: 2/2
    19 | D:5      | Reached XP level 3. HP: 17/29 MP: 3/3
    69 | D:5      | Noticed a water moccasin
    82 | D:5      | HP: 1/29 [water moccasin (3)]
    99 | D:5      | Noticed Eustachio
   113 | D:5      | HP: 1/29 [orc/+0 hand axe (4)]
   118 | D:5      | Slain by a hound

Illustrated notes

Levels and vault maps discovered:
D:5:      layout_rooms, ebering_ghost_rock_garden,
          nicolae_shop_i_like_big_books, uniq_eustachio

Skill      XL: |  1 |
---------------+----+-----
Axes           | 2 |  2.9
Fighting       | |  3.0
Dodging        | |  1.5
Stealth        | |  4.1

Action                     || total
---------------------------++-------
  Melee: Hand axe          ||    20
    Use: Scroll            ||     1
 Armour: Leather armour    ||    22
  Dodge: Dodged            ||    27

Table legend: (Time is in decaauts)
 A = Elapsed time spent in this place.
 B = Non-inter-level travel time spent in this place.
 C = Inter-level travel time spent in this place.
 D = Time resting spent in this place.
 E = Time spent auto-exploring this place.
 F = Levels seen in this place.
 G = Mean time per level.
                   A        B        C        D        E       F      G
               +--------+--------+--------+--------+--------+-----+--------+
         Total |    122 |    122 |      0 |     48 |      6 |   1 |  122.0 |
       Dungeon |    122 |    122 |      0 |     48 |      6 |   1 |  122.0 |
               +--------+--------+--------+--------+--------+-----+--------+

Top non-repeatable levels by time:
     D:5: 122 daAuts
